 Dungeon Crawl Stone Soup version 0.30-a0-1035-g38d5fb2972 (webtiles) character file.

Game seed: 10560150825602404948

1193 cdice the Twirler (level 8, -1/68 HPs)
             Began as a Red Draconian Reaver on Apr 9, 2023.
             Was a Follower of Sif Muna.
             Slain by a killer bee (4 damage)
             ... on level 7 of the Dungeon.
             The game lasted 00:07:40 (4133 turns).

cdice the Twirler (Red Draconian Reaver)            Turns: 4133, Time: 00:07:41

Health: -1/68      AC:  6    Str: 21    XL:     8   Next: 20%
Magic:  13/13      EV: 12    Int: 16    God:    Sif Muna [*.....]
Gold:   424        SH:  0    Dex:  7    Spells: 12/13 levels left

rFire   + + .      SeeInvis .    l - +7 staff of the Meek {protect, meekguard}
rCold   + . .      Faith    .    (shield currently unavailable)
rNeg    . . .      Spirit   .    (body armour unavailable)
rPois   +          Reflect  .    (helmet restricted)
rElec   +          Rampage  .    (no cloak)
rCorr   +                        (no gloves)
Will    .....                    (no boots)
Stlth   +                        (no amulet)
HPRegen 0.31/turn                b - +6 ring of strength
MPRegen 0.13/turn                (no ring)

@: brilliant, resistant, attractive, flying
A: breathe fire, AC +6, unfitting armour, fire resistance 1, cold-blooded,
clumsy 1, evolution 1
a: Breathe Fire, Renounce Religion, Channel Magic


You were on level 7 of the Dungeon.
You worshipped Sif Muna.
Sif Muna was aware of your devotion.
You visited 1 branch of the dungeon, and saw 7 of its levels.

You collected 424 gold pieces.

Inventory:

Hand Weapons
 a - a +0 falchion
 l - the +7 staff of the Meek (weapon) {protect, meekguard}
   (You found it on level 2 of the Dungeon)
Jewellery
 b - a +6 ring of strength (left hand)
 f - an amulet of faith
 B - a ring of protection from fire
Wands
 y - a wand of iceblast (4)
Scrolls
 c - 7 scrolls of identify {unknown}
 e - a scroll of torment {unknown}
 h - 3 scrolls of summoning {unknown}
 j - a scroll of fog {unknown}
 m - 3 scrolls of teleportation {unknown}
 n - 2 scrolls of amnesia {unknown}
 q - 2 scrolls of poison {unknown}
 s - a scroll of enchant weapon {unknown}
 u - a scroll of noise {unknown}
 w - 2 scrolls of fear {unknown}
 A - a scroll of magic mapping {unknown}
Potions
 d - 2 potions of mutation
 g - 2 potions of lignification
 k - a potion of resistance
 o - 2 potions of curing
 p - a potion of attraction
 t - 2 potions of haste {unknown}
 v - a potion of heal wounds {unknown}
 x - a potion of might {unknown}
 z - a potion of cancellation {unknown}


   Skills:
 * Level 5.0 Fighting
 - Level 3.8 Long Blades
 * Level 6.3 Staves
 + Level 3.8 Dodging
 + Level 1.2 Stealth
 * Level 3.4 Spellcasting
 + Level 3.4 Conjurations


You had 12 spell levels left.
You knew the following spells:

 Your Spells              Type           Power      Damage    Failure   Level
a - Kiss of Death         Conj/Necr      48%        2d9       9%          1

Your spell library contained the following spells:

 Spells                   Type           Power      Damage    Failure   Level
 Momentum Strike          Conj/Tloc      24%        3d8       14%         2
 Hailstorm                Conj/Ice       12%        3d5       26%         3


Dungeon Overview and Level Annotations

Branches:
Dungeon (7/15)             Temple (0/1) D:5

Altars:
Ashenzari
Fedhas
Gozag
Sif Muna
Vehumet
Xom

Shops:
D:2 [

Annotations:
D:7 Prince Ribbit


Innate Abilities, Weirdness & Mutations

You can breathe blasts of fire.
Your fiery red scales are hard. (AC +6)
You cannot fit into any form of body armour.
Your flesh is heat resistant. (rF+)
You are cold-blooded and may be slowed by cold attacks.
You are clumsy. (Dex -2)
You have hidden genetic potential.


Message History

The killer bee stings you but does no damage.
Prince Ribbit hits you.
You closely miss Prince Ribbit.
Prince Ribbit is lightly wounded.
You feel sick.
The killer bee stings you but does no damage.
Prince Ribbit blinks!
The killer bee stings you.
You are more poisoned.
The killer bee poisons you!
It was a potion of resistance.
You feel protected.
You feel sick. The killer bee stings you.
* * * LOW HITPOINT WARNING * * *
Prince Ribbit hits you.
* * * LOW HITPOINT WARNING * * *
The killer bee barely misses you. Prince Ribbit closely misses you.
It was a potion of curing.
You feel better. The killer bee closely misses you. x2
Prince Ribbit hits you!
* * * LOW HITPOINT WARNING * * *
You completely miss Prince Ribbit.
Prince Ribbit is lightly wounded.
The killer bee barely misses you. Prince Ribbit hits you!
* * * LOW HITPOINT WARNING * * *
The killer bee closely misses you.
You feel better.
The killer bee stings you but does no damage.
Prince Ribbit blinks!
The killer bee stings you.
* * * LOW HITPOINT WARNING * * *
You closely miss the killer bee. The killer bee closely misses you.
The killer bee stings you!
* * * LOW HITPOINT WARNING * * *
It was a potion of attraction.
You feel attractive to monsters. The killer bee misses you.
Prince Ribbit barely misses you. The killer bee barely misses you.
Prince Ribbit hits you but does no damage.
It was a potion of flight.
You feel very buoyant.
You fly up into the air.
The killer bee stings you.
You die...

#########
#.......#
#.#####.#######
#.yy@F........#
#.y####.#####.#
........# #.#
#.# ..#####.#
#.# #.# ... #.#
#># ...
#.#####.##
##.#.
#........# #.#.
#######.##
#.... #.#


You could see Prince Ribbit and 3 killer bees.

Vanquished Creatures
  A sky beast (D:6)
  A centaur (D:5)
  A phantom (D:5)
  4 scorpions
  A killer bee (D:7)
  5 hounds
  2 jellies
  2 orc priests (D:6)
  A gnoll bouda (D:6)
  A sleepcap (D:6)
  4 iguanas
  An orc wizard (D:6)
  5 gnolls (D:6)
  8 adders
  A white imp (D:5)
  3 ufetubi
  A dart slug (D:1)
  11 orcs
  4 bats
  An endoplasm (D:3)
  4 giant cockroaches
  3 hobgoblins
  3 jackals (D:5)
  7 kobolds
  4 quokkas
  5 ball pythons
  3 frilled lizards
  9 goblins
  2 rats
98 creatures vanquished.

Notes
Turn   | Place    | Note
-------+----------+-------------------------------------------
     0 | D:1      | cdice the Draconian Reaver began the quest for the Orb.
     0 | D:1      | Reached XP level 1. HP: 17/17 MP: 3/3
   108 | D:1      | Reached XP level 2. HP: 20/25 MP: 5/5
   717 | D:2      | Found Qiamm's Antique Armour Shoppe.
   767 | D:2      | Found the +7 staff of the Meek {protect, meekguard}
   799 | D:2      | You fall into a shaft and drop 2 floors!
   811 | D:4      | Reached XP level 3. HP: 25/30 MP: 6/6
   864 | D:4      | Reached XP level 4. HP: 38/38 MP: 7/7
   884 | D:4      | Found a shimmering altar of Xom.
  1285 | D:4      | Reached skill level 1 in Staves
  1554 | D:4      | Found a blossoming altar of Fedhas.
  1634 | D:3      | Found a transporter.
  1642 | D:3      | Found a transporter.
  1647 | D:3      | Found a broken altar of Ashenzari.
  1652 | D:3      | Reached XP level 5. HP: 39/45 MP: 8/8
  2043 | D:3      | Found a shimmering blue altar of Sif Muna.
  2050 | D:3      | Became a worshipper of Sif Muna the Loreminder
  2280 | D:5      | Entered Level 5 of the Dungeon
  2378 | D:5      | Found a staircase to the Ecumenical Temple.
  2390 | D:5      | Found a radiant altar of Vehumet.
  2391 | D:5      | Noticed a centaur
  2399 | D:5      | Killed a centaur
  2400 | D:5      | Reached skill level 2 in Staves
  2400 | D:5      | Reached XP level 6. HP: 30/51 MP: 9/9
  2433 | D:5      | Reached skill level 3 in Staves
  2538 | D:5      | Reached skill level 1 in Stealth
  2777 | D:5      | Your scales start taking on a fiery red colour.
  2777 | D:5      | Reached XP level 7. HP: 58/58 MP: 11/11
  2777 | D:5      | Gained mutation: Your flesh is heat resistant. (rF+) [Red
                  | Draconian growth]
  2799 | D:5      | Reached skill level 4 in Staves
  3005 | D:6      | Reached skill level 5 in Staves
  3363 | D:6      | Reached * piety under Sif Muna
  3429 | D:6      | Gained mutation: You are clumsy. (Dex -2) [potion of
                  | mutation]
  3429 | D:6      | Gained mutation: You have hidden genetic potential. [potion
                  | of mutation]
  3634 | D:6      | Reached XP level 8. HP: 63/67 MP: 13/13
  3658 | D:6      | Reached skill level 6 in Staves
  3780 | D:6      | Found an opulent altar of Gozag.
  4052 | D:7      | Reached skill level 5 in Fighting
  4107 | D:7      | Noticed Prince Ribbit
  4131 | D:7      | HP: 3/68 [killer bee (8)]
  4133 | D:7      | Slain by a killer bee

Illustrated notes

Levels and vault maps discovered:
D:1:      sevenhm_arrival_forest_fort_small_4, layout_basic
D:2:      layout_basic, serial_shops, nicolae_shop_hallway_stairs
D:3:      layout_loops_ring, old_standard_altar, gammafunk_temple_overflow_arena
D:4:      layout_cave_pools, xom_teletrap_fun, lemuel_round_altar,
          minmay_goblin_kobold_house
D:5:      layout_rooms, old_standard_altar, minmay_temple_entry_hall
D:6:      layout_rooms, grunt_gozag_breadcrumbs
D:7:      layout_loops_ring, tgw_kikubaaqudgha, nicolae_shop_overcharged_wands,
          uniq_menkaure, uniq_prince_ribbit1

Skill      XL: |  1  2  3  4  5  6  7  8 |
---------------+-------------------------+-----
Dodging        | 2 3 |  3.8
Fighting       | 3 4 5 |  5.0
Staves         | 1 2 3 5 6 |  6.3
Stealth        | 1 |  1.2
Spellcasting   | 3 |  3.4
Long Blades    | |  3.8
Conjurations   | |  3.4

Action                     |  1- 3 |  4- 6 |  7- 9 || total
---------------------------+-------+-------+-------++-------
  Melee: Falchion          |    85 |       |       ||    85
         Tailslap          |    12 |    15 |    11 ||    38
         Punch             |     2 |       |       ||     2
         Quarterstaff      |    10 |   102 |   120 ||   232
   Cast: Kiss of Death     |       |     1 |       ||     1
    Use: Potion            |       |       |     8 ||     8
   Stab: Sleeping          |       |     1 |       ||     1
 Armour: Skin              |    40 |    81 |    95 ||   216
  Dodge: Dodged            |    80 |   123 |    97 ||   300

Table legend: (Time is in decaauts)
 A = Elapsed time spent in this place.
 B = Non-inter-level travel time spent in this place.
 C = Inter-level travel time spent in this place.
 D = Time resting spent in this place.
 E = Time spent auto-exploring this place.
 F = Levels seen in this place.
 G = Mean time per level.
                   A        B        C        D        E       F      G
               +--------+--------+--------+--------+--------+-----+--------+
         Total |   4171 |   4062 |    109 |    442 |   2933 |   7 |  595.9 |
       Dungeon |   4171 |   4062 |    109 |    442 |   2933 |   7 |  595.9 |
               +--------+--------+--------+--------+--------+-----+--------+

Top non-repeatable levels by time:
     D:6: 997 daAuts
     D:4: 812 daAuts
     D:1: 727 daAuts
     D:3: 685 daAuts
     D:5: 683 daAuts
     D:7: 182 daAuts
     D:2: 81 daAuts
